 Dungeon Crawl Stone Soup version 0.28.0-43-g3370ac3207 (webtiles) character file.

Game seed: 581437549507303032

92321 pkoi the Black Belt (level 15, 0/106 (115) HPs)
             Began as a Grey Draconian Monk on Mar 10, 2022.
             Was a High Priest of Okawaru.
             Slain by a freezing wraith (8 damage)
             ... on level 2 of the Abyss.
             The game lasted 00:59:02 (36433 turns).

pkoi the Black Belt (Grey Draconian Monk)          Turns: 36433, Time: 00:59:02

HP:   0/106 (115)   AC: 22    Str: 13    XL:     15   Next: 57%
MP:   28/28         EV: 17    Int: 16    God:    Okawaru [*****.]
Gold: 1931          SH:  0    Dex: 16    Spells: 15/32 levels left

rFire   + . .      SeeInvis .     - Unarmed
rCold   + . .      Faith    .   (shield currently unavailable)
rNeg    . . .      Spirit   .   (armour unavailable)
rPois   .          Reflect  .   b - +2 hat of the Shining Light {-Tele Rampage Slay+6}
rElec   .          Harm     .   L - scarf {rC+ rF+}
rCorr   .          Rampage  +   (gloves currently unavailable)
Will    +....      Archmagi +   f - +1 pair of boots
Stlth   +++....... NoTele   +   (no amulet)
HPRegen 0.00/turn               J - +4 ring of protection
MPRegen 0.21/turn               H - ring of the Mage {Wiz Archmagi}

@: blade hands (expiring), sick, drained
A: AC +14, amphibious, unfitting armour, cold-blooded, MP-powered wands
a: End Transformation, Renounce Religion, Heroism, Finesse, Duel


You were on level 2 of the Abyss.
You worshipped Okawaru.
Okawaru was extremely pleased with you.
You had blades for hands.
You visited 4 branches of the dungeon, and saw 23 of its levels.
You visited the Abyss 2 times.
You also visited: Bailey and Gauntlet.

You collected 2469 gold pieces.
You spent 538 gold pieces at shops.

Inventory:

Missiles
 h - 9 curare-tipped darts
 j - 54 poisoned darts (quivered)
 B - 10 atropa-tipped darts
 K - 8 javelins
Armour
 b - the +2 hat of the Shining Light (worn) {-Tele Rampage Slay+6}
   (You acquired it on level 6 of the Dungeon)

   Slay:      It affects your accuracy & damage with ranged weapons and melee
   (+6).
   -Tele:     It prevents most forms of teleportation.
   Rampage:   It bestows one free step when moving towards enemies.
 f - a +1 pair of boots (worn)
 o - the +3 kite shield "Lakao" {rPois rN+ Dex+4}
   (Okawaru gifted it to you on level 14 of the Dungeon)

   Dex:       It affects your dexterity (+4).
   rPois:     It protects you from poison.
   rN:        It protects you from negative energy.
 L - a scarf of resistance (worn)
 O - a +0 pair of gloves (melded)
Jewellery
 a - a ring of magical power
 c - a ring of resist corrosion
 H - the ring of the Mage (right blade hand) {Wiz Archmagi}
   (You found it on level 6 of the Lair of Beasts)

   [ring of wizardry]

   It improves your spell success rate.
   Archmagi:  It increases the power of your magical spells.
 I - a ring of willpower
 J - a +4 ring of protection (left blade hand)
 N - a +6 ring of strength
Wands
 s - a wand of acid (8)
 u - a wand of iceblast (15)
 v - a wand of mindburst (40)
 x - a wand of paralysis (16)
 y - a wand of digging (10)
 E - a wand of flame (6)
 M - a wand of polymorph (4)
Scrolls
 e - 10 scrolls of teleportation
 i - 7 scrolls of identify
 l - 4 scrolls of enchant armour
 n - 5 scrolls of fear
 p - 6 scrolls of fog
 q - 4 scrolls of enchant weapon
 F - a scroll of brand weapon
 G - 2 scrolls of blinking
Potions
 d - 4 potions of heal wounds
 g - 8 potions of haste
 k - 5 potions of ambrosia
 m - 2 potions of lignification
 r - 3 potions of magic
 t - 3 potions of might
 w - 2 potions of resistance
 z - a potion of brilliance
 A - a potion of berserk rage
 C - 5 potions of curing
 D - 2 potions of flight


   Skills:
 - Level 6.0 Fighting
 - Level 9.0 Dodging
 - Level 6.0 Stealth
 - Level 16.9 Unarmed Combat
 - Level 9.0 Spellcasting
 - Level 4.2 Translocations
 * Level 14.1 Transmutations
 - Level 6.0 Earth Magic
 - Level 8.7 Invocations


You had 15 spell levels left.
You knew the following spells:

 Your Spells              Type           Power      Damage    Failure   Level
a - Gell's Gravitas       Tloc           31%        N/A       14%         3
b - Passwall              Tmut/Erth      46%        N/A       4%          2
c - Blade Hands           Tmut           34%        N/A       6%          5
d - Dragon Form           Tmut           34%        N/A       36%         7

Your spell library contained the following spells:

 Spells                   Type           Power      Damage    Failure   Level
 Wereblood                Tmut           68%        N/A       2%          2
 Sting                    Tmut/Pois      100%       1d8       4%          1
 Sandblast                Erth           78%        2d17      6%          1
 Ignite Poison            Fire/Tmut/Pois 33%        N/A       12%         3
 Lesser Beckoning         Tloc           31%        N/A       14%         3
 Teleport Other           Tloc           31%        N/A       14%         3
 Ice Form                 Ice/Tmut       44%        N/A       14%         4
 Stone Arrow              Conj/Erth      50%        3d10      19%         3
 Alistair's Intoxication  Tmut/Pois      29%        N/A       26%         5
 Dazzling Flash           Conj/Hex       20%        N/A       38%         3
 Mephitic Cloud           Conj/Pois/Air  10%        N/A       38%         3
 Iskenderun's Mystic Bla  Conj/Tloc      20%        2d6       45%         4
 Freezing Cloud           Conj/Ice/Air   5%         6-21      91%         5
 Iron Shot                Conj/Erth      12%        9d3       97%         6
 Starburst                Conj/Fire      5%         6d4       100%        6
 Orb of Destruction       Conj           5%         9d5       100%        7
 Necromutation            Tmut/Necr      22%        N/A       100%        8
 Summon Guardian Golem    Hex/Summ       Unusable   N/A       N/A         3
 Animate Armour           Summ/Erth      Unusable   N/A       N/A         4
 Spellforged Servitor     Conj/Summ      Unusable   N/A       N/A         7

Dungeon Overview and Level Annotations

Branches:
Dungeon (15/15)            Temple (1/1) D:5            Lair (6/6) D:9
 Shoals (1/4) Lair:2       Spider (0/4) Lair:4        Slime (0/5) Lair:5
    Orc (0/2) D:10         Vaults (0/5) D:14         Bailey (visited)
Gauntlet (visited)
 Depths: D:15

Altars:
Ashenzari
Cheibriados
Dithmenos
Elyvilon
Fedhas
Gozag
Hepliaklqana
Kikubaaqudgha
Makhleb
Nemelex Xobeh
Okawaru
Qazlal
Ru
Sif Muna
Trog
Uskayaw
Vehumet
Wu Jian
Xom
Yredelemnul
Zin
The Shining One

Shops:
D:4 ?   D:7 *(

Annotations:
D:12 3 runed translucent doors
D:14 Louise


Innate Abilities, Weirdness & Mutations

You have blades for hands.
Your spellcasting is less reliable in this form.
You are incapable of wielding weapons or throwing items.
Your dull iron-grey scales are very hard. (AC +14)
You are amphibious.
You cannot fit into any form of body armour.
You are cold-blooded and may be slowed by cold attacks.
You expend magic power (3 MP) to strengthen your wands.


Message History

You slice the tentacled starspawn!!
The tentacled starspawn is moderately damaged.
The starspawn tentacle loses its grip on you.
The tentacle pulls you backwards!
A large abomination comes into view.
The tentacled starspawn bites you!
* * * LOW HITPOINT WARNING * * *
The tentacled starspawn tentacle-slaps you.
* * * LOW HITPOINT WARNING * * *
You slice the tentacled starspawn!! You tail-slap the tentacled starspawn.
The tentacled starspawn is heavily damaged.
Unknown command.
You hit the tentacled starspawn.
The tentacled starspawn is heavily damaged.
The tentacled starspawn bites you!!
* * * LOW HITPOINT WARNING * * *
The tentacled starspawn barely misses you.
The purple draconian shifter mumbles some strange words.
The purple draconian shifter blinks!
You slash the tentacled starspawn! You tail-slap the tentacled starspawn.
The tentacled starspawn is severely damaged.
The tentacled starspawn closely misses you.
The tentacled starspawn barely misses you.
Unknown command.
You slash the tentacled starspawn!
The tentacled starspawn is almost destroyed.
The freezing wraith closely misses you.
The freezing wraith completely misses you.
The purple draconian shifter gestures at you while chanting.
A raiju comes into view.
Unknown command.
The raiju barks!
You shred the tentacled starspawn!!!
You destroy the tentacled starspawn!
That felt strangely unrewarding.
Your transformation is almost over.
The freezing wraith hits you!
* * * LOW HITPOINT WARNING * * *
The freezing wraith freezes you! You resist.
You die... 3

. # X. #.#.# . ...
.. ....# .## #
##.# #. .. # ..h .
. # .# . ... .###.
###.# ## ... ..
.#######...##..#X#
#. # #
#.q......#h.# # .
. .. #...#W#X.# .
#. ..#....#..@# .
.. . # .####.# #
...#. ## ###
##...###.## . #. .
.## ....... .# #..
#. #


You could see a purple draconian shifter, 2 large abominations, a freezing
wraith and 2 raiju.

Vanquished Creatures
  A tentacled starspawn (Abyss:2)
  Kirke (Lair:2)
  A cacodemon (Abyss:2)
  An ironbound preserver (D:14)
  A minotaur (Gauntlet)
  An ettin (D:9)
  Josephine (D:14)
  A rakshasa (Abyss:2)
  3 boulder beetles
  6 hydras
  6 catoblepae
  Erica (D:11)
  A satyr (Shoals:1)
  6 centaur warriors
  5 two-headed ogres
  5 death yaks (Lair:6)
  Urug (D:11)
  A slime creature (D:13)
  Sonja (Lair:5)
  A wretched star (Abyss:2)
  A sixfirhy (Abyss:2)
  7 skeletal warriors
  A fire crab (shapeshifter) (D:14)
  4 wizards
  A deep elf zephyrmancer (D:15)
  2 deep elf pyromancers
  24 ugly things
  A wolf spider (Gauntlet)
  A large abomination (Abyss:2)
  4 manticores
  4 cyclopes
  2 worldbinders (Abyss:2)
  A moth of wrath (Gauntlet)
  6 elephants (Lair:5)
  A water nymph (Shoals:1)
  Joseph (D:8)
  6 black mambas
  Maggie (D:8)
  4 gargoyles
  14 cane toads
  2 efreet (D:13)
  A komodo dragon (shapeshifter) (D:14)
  A freezing wraith (D:14)
  9 komodo dragons
  An unseen horror (Abyss:2)
  2 tengu conjurers (D:15)
  4 rime drakes
  A tormentor (Abyss:2)
  3 ancient zymes (Abyss:2)
  4 polar bears
  2 queen bees
  A polar bear (shapeshifter) (D:13)
  5 trolls
  3 hornets (Lair:3)
  2 raiju
  Prince Ribbit (D:6)
  18 blink frogs
  4 dream sheep (Lair:6)
  A blink frog (shapeshifter) (D:14)
  5 flying skulls (Abyss:2)
  12 spriggans (Lair:3)
  5 wraiths
  5 wyverns
  A basilisk (Lair:3)
  2 vampires
  A yak (shapeshifter) (D:14)
  3 steam dragons
  A human (D:8)
  7 hogs
  59 yaks
  A neqoxec (Abyss:2)
  A vampire mosquito (D:14)
  8 redbacks
  5 acid dragons
  3 small abominations (Abyss:2)
  10 water moccasins
  2 black bears
  An ice beast (D:6)
  2 swamp drakes
  7 orc warriors
  2 sky beasts
  4 ogres
  12 centaurs
  3 boggarts (Lair:3)
  3 wolves
  A phantom (D:5)
  9 kobold brigands
  2 scorpions (D:5)
  9 bullfrogs
  A wyvern zombie (D:6)
  A hornet simulacrum (D:14)
  30 killer bees
  20 wights
  3 howler monkeys (D:12)
  A bullfrog zombie (D:5)
  2 jellies
  4 centaur zombies
  4 orc priests
  7 hounds
  2 iguanas (D:6)
  2 centaur skeletons (D:5)
  10 orc wizards
  A hound zombie (D:5)
  A howler monkey zombie (D:5)
  6 adders
  12 white imps (D:13)
  2 ufetubi
  2 worms (D:2)
  2 dart slugs (D:1)
  34 orcs
  7 bats
  6 endoplasms
  3 giant cockroaches
  9 goblins
  6 hobgoblins
  6 jackals
  21 kobolds
  A quokka (D:1)
  3 ball pythons
  4 frilled lizards
  A quokka skeleton (D:4)
  4 rats
600 creatures vanquished.

Vanquished Creatures (others)
  36 fungi
  62 plants
  2 starspawn tentacles (Abyss:2)
100 creatures vanquished.

Grand Total: 700 creatures vanquished

Notes
Turn   | Place    | Note
-------+----------+-------------------------------------------
     0 | D:1      | pkoi the Draconian Monk began the quest for the Orb.
     0 | D:1      | Reached XP level 1. HP: 19/19 MP: 1/1
   228 | D:1      | Reached XP level 2. HP: 14/26 MP: 2/2
   533 | D:1      | Found a faded altar of an unknown god.
  1345 | D:2      | Reached XP level 3. HP: 28/33 MP: 3/3
  2189 | D:3      | Reached XP level 4. HP: 40/40 MP: 4/4
  2688 | D:3      | Found an iron altar of Okawaru.
  3058 | D:3      | Became a worshipper of Warmaster Okawaru
  3058 | D:3      | Reached * piety under Okawaru
  3058 | D:3      | Reached ** piety under Okawaru
  3329 | D:3      | You fall into a shaft and drop 3 floors!
  3384 | D:6      | Reached skill level 4 in Unarmed Combat
  3384 | D:6      | Reached skill level 1 in Invocations
  3431 | D:6      | Noticed an ogre
  3463 | D:6      | Reached XP level 5. HP: 7/46 MP: 6/6
  3606 | D:6      | Identified a scroll of acquirement
  3606 | D:6      | Acquired the +2 hat of the Shining Light {-Tele Rampage
                  | Slay+6}
  3735 | D:6      | Noticed an ice beast
  3744 | D:5      | Entered Level 5 of the Dungeon
  3746 | D:5      | Noticed a sky beast
  3771 | D:5      | Killed a sky beast
  3772 | D:5      | Reached skill level 5 in Unarmed Combat
  3790 | D:6      | Reached XP level 6. HP: 40/52 MP: 7/7
  3887 | D:6      | Killed an ice beast
  3918 | D:6      | Reached skill level 6 in Unarmed Combat
  3982 | D:5      | Reached *** piety under Okawaru
  4101 | D:5      | Your scales start taking on a dull iron-grey colour.
  4101 | D:5      | Reached XP level 7. HP: 58/59 MP: 9/9
  4136 | D:5      | Learned a level 3 spell: Gell's Gravitas
  4534 | D:4      | Found Padikes's Magic Scroll Emporium.
  4581 | D:4      | Reached skill level 7 in Unarmed Combat
  4751 | D:4      | Identified the +2 chain mail "Ylatsorai" {Will+++ Str-5
                  | Slay+6}
  4886 | D:4      | Reached skill level 1 in Spellcasting
  4886 | D:4      | Reached skill level 1 in Translocations
  5279 | D:5      | Reached **** piety under Okawaru
  5280 | D:5      | Reached XP level 8. HP: 58/66 MP: 11/11
  5419 | D:5      | Reached skill level 5 in Invocations
  5748 | D:5      | Found a staircase to the Ecumenical Temple.
  5885 | Temple   | Entered the Ecumenical Temple
  6327 | D:6      | Noticed Prince Ribbit
  6336 | D:6      | Killed Prince Ribbit
  6337 | D:6      | Reached skill level 8 in Unarmed Combat
  6731 | D:7      | Found Bamn's Antique Weapon Shoppe.
  6791 | D:7      | Found Ecitwitt's Neck Hole.
  6808 | D:7      | Reached ***** piety under Okawaru
  6809 | D:7      | Reached skill level 9 in Unarmed Combat
  6809 | D:7      | Reached XP level 9. HP: 61/71 MP: 13/13
  6913 | D:7      | Learned a level 2 spell: Passwall
  6981 | D:7      | Reached skill level 1 in Transmutations
  6981 | D:7      | Reached skill level 1 in Earth Magic
  7844 | D:8      | Noticed Maggie
  7844 | D:8      | Noticed Joseph
  7866 | D:8      | Reached skill level 10 in Unarmed Combat
  7879 | D:8      | Killed Maggie
  8130 | D:8      | Received a gift from Okawaru
  8150 | D:8      | Reached skill level 11 in Unarmed Combat
  8150 | D:8      | Reached XP level 10. HP: 25/78 MP: 14/14
  9231 | D:8      | Reached skill level 5 in Earth Magic
  9698 | D:9      | Found a staircase to the Lair.
 10339 | D:9      | Noticed a red ugly thing
 10351 | D:9      | Killed a red ugly thing
 10352 | D:9      | Reached skill level 12 in Unarmed Combat
 10352 | D:9      | Reached skill level 5 in Transmutations
 10505 | D:9      | Noticed a six-headed hydra
 10603 | D:8      | Killed Joseph
 10725 | Lair:1   | Entered Level 1 of the Lair of Beasts
 10740 | Lair:1   | Noticed a cane toad
 10761 | Lair:1   | Noticed a cane toad
 10772 | Lair:1   | Killed a cane toad
 11015 | Lair:1   | Acquired the Tome of Changing
 11023 | Lair:1   | Learned a level 5 spell: Blade Hands
 11039 | Lair:1   | Killed a cane toad
 11040 | Lair:1   | Reached skill level 5 in Fighting
 11075 | Lair:1   | Noticed a black mamba
 11088 | Lair:1   | Killed a black mamba
 11089 | Lair:1   | Reached XP level 11. HP: 50/86 MP: 15/15
 12131 | Lair:1   | Received a gift from Okawaru
 12483 | Lair:2   | Reached skill level 13 in Unarmed Combat
 12486 | Lair:2   | Noticed a boulder beetle
 12507 | Lair:2   | Killed a boulder beetle
 12710 | Lair:2   | Found a shimmering blue altar of Sif Muna.
 12856 | Lair:2   | Reached skill level 5 in Dodging
 13009 | Lair:2   | Found a staircase to the Shoals.
 13717 | Lair:3   | Received a gift from Okawaru
 13933 | Lair:3   | Reached XP level 12. HP: 71/96 MP: 19/19
 14194 | Lair:3   | Reached skill level 5 in Spellcasting
 14597 | Lair:3   | Noticed a six-headed hydra
 14989 | Lair:3   | Reached skill level 14 in Unarmed Combat
 14992 | Lair:3   | Reached skill level 5 in Stealth
 17119 | Lair:4   | Noticed a catoblepas
 17137 | Lair:4   | Killed a catoblepas
 17420 | Lair:4   | Received a gift from Okawaru
 17760 | Lair:4   | Found a hole to the Spider Nest.
 18177 | Lair:5   | Noticed a five-headed hydra
 18196 | Lair:4   | Killed a five-headed hydra
 18395 | Lair:5   | Reached skill level 15 in Unarmed Combat
 18395 | Lair:5   | Reached XP level 13. HP: 85/102 MP: 22/22
 18997 | Lair:5   | Found a staircase to the Slime Pits.
 19528 | D:9      | Noticed an ettin
 19668 | D:9      | Killed an ettin
 19859 | D:10     | Entered Level 10 of the Dungeon
 20216 | D:10     | Found a flagged portal.
 20229 | Bailey   | Entered a bailey
 20715 | Bailey   | Found an iron altar of Okawaru.
 20992 | D:10     | Found a staircase to the Orcish Mines.
 21784 | D:11     | Noticed Urug
 21798 | D:11     | Noticed Erica
 21805 | D:11     | Killed Urug
 21815 | D:11     | Killed Erica
 21815 | D:11     | Received a gift from Okawaru
 21815 | D:11     | Found the +8 frozen axe "Frostbite" {freezing cloud, *Noise
                  | Fly rC+}
 23235 | D:12     | Found Zin's Purification Station.
 23481 | D:12     | Found a glowing silver altar of Zin.
 23485 | D:12     | Reached skill level 10 in Transmutations
 23493 | D:12     | Bought a potion of curing for 90 gold pieces
 23545 | D:12     | Found a runed translucent gate.
 23545 | D:12     | Found a runed translucent gate.
 23545 | D:12     | Found a runed translucent gate.
 24636 | Lair:5   | Noticed Sonja
 24645 | Lair:5   | Killed Sonja
 24826 | Lair:5   | Reached XP level 14. HP: 78/110 MP: 23/23
 25830 | Lair:6   | Entered Level 6 of the Lair of Beasts
 26053 | Lair:6   | Identified the -1 buckler of Daffodils {Str+2} (Okawaru
                  | gifted it to you on level 6 of the Lair of Beasts)
 26053 | Lair:6   | Received a gift from Okawaru
 26109 | Lair:6   | Found a gate leading to a gauntlet.
 26124 | Gauntlet | Entered a Gauntlet
 26124 | Gauntlet | Found a transporter.
 26124 | Gauntlet | Found a transporter.
 26124 | Gauntlet | Found a transporter.
 26144 | Gauntlet | Found a transporter.
 26147 | Gauntlet | Found a transporter.
 26158 | Gauntlet | Found a transporter.
 26158 | Gauntlet | Found a transporter.
 26174 | Gauntlet | Found a transporter.
 26184 | Gauntlet | Found a transporter.
 26185 | Gauntlet | Noticed a quicksilver ooze
 26201 | Gauntlet | Found a transporter.
 26204 | Gauntlet | Found a transporter.
 26219 | Gauntlet | Found a transporter.
 26384 | Gauntlet | Identified the ring of Dymmar {Fire rCorr Int+7}
 26423 | Gauntlet | Identified the +0 helmet of Fun and Games {Int+4 Dex+2}
 26596 | Gauntlet | Identified the +5 ring mail "Agugiqi Mafo" {Dex+7}
 27139 | Lair:6   | Reached skill level 16 in Unarmed Combat
 28442 | Lair:6   | Found the ring of the Mage {Wiz Archmagi}
 29126 | D:7      | Bought a scarf of resistance for 448 gold pieces
 30001 | D:13     | Acquired 903 gold pieces
 30415 | Shoals:1 | Entered Level 1 of the Shoals
 30425 | Shoals:1 | Noticed Kirke
 30563 | Lair:2   | Killed Kirke
 30791 | Shoals:1 | Reached ****** piety under Okawaru
 31431 | D:14     | Received a gift from Okawaru
 31436 | D:14     | Reached XP level 15. HP: 85/115 MP: 23/27
 32945 | D:14     | Noticed Josephine
 32961 | D:14     | Killed Josephine
 32971 | D:14     | Received a gift from Okawaru
 34025 | D:14     | Found a gate to the Vaults.
 34464 | D:7      | Learned a level 7 spell: Dragon Form
 34618 | D:15     | Entered Level 15 of the Dungeon
 34771 | D:15     | Cast into level 2 of the Abyss (a wizard)
 34851 | Abyss:2  | Noticed a kraken
 34879 | D:15     | Escaped the Abyss
 35162 | D:15     | Found a broken altar of Ashenzari.
 35230 | D:15     | Noticed Louise
 35386 | D:14     | Identified the +3 kite shield "Lakao" {rPois rN+ Dex+4}
                  | (Okawaru gifted it to you on level 14 of the Dungeon)
 35386 | D:14     | Received a gift from Okawaru
 35666 | D:14     | Cast into level 2 of the Abyss (Louise)
 35726 | Abyss:2  | Gained mutation: You expend magic power (3 MP) to
                  | strengthen your wands. [a neqoxec]
 35817 | Abyss:2  | Found a corrupted altar of Lugonu.
 36411 | Abyss:2  | Noticed a tentacled starspawn
 36421 | Abyss:2  | Noticed a tentacled starspawn
 36433 | Abyss:2  | Killed a tentacled starspawn
 36433 | Abyss:2  | Slain by a freezing wraith

Illustrated notes

Levels and vault maps discovered:
D:1:      nagdon_arrival_zigzag_paths, layout_loops_cross,
          ebering_ecumenical_altar_rust
D:2:      layout_basic
D:3:      layout_basic, okawaru_metal_pillars_3
D:4:      layout_loops_ring, serial_shops, shop
D:5:      layout_basic, minmay_temple_entry_nine_rooms
D:6:      layout_gridville, nicolae_ossuary_entry_ruins, uniq_prince_ribbit1
D:7:      layout_loops_cross, serial_shops, nicolae_shop_window_shopping,
          minmay_misc_feat_rugged, nicolae_shop_sticking_my_neck_out
D:8:      layout_basic, grunt_livestock, serial_bayou_pond_a, uniq_maggie,
          uniq_joseph
D:9:      layout_basic, erik_lair_island, kennysheep_donut, minmay_evil_grid
D:10:     layout_basic, erik_orc_1, enter_bailey_3, minivault_4
D:11:     layout_basic, kennysheep_small_square, uniq_urug, uniq_erica
D:12:     layout_loops_ring, ploomutoo_gammafunk_ghost_potion_laboratory,
          zin_purify
D:13:     layout_loops_ring, portal_ice_cave_entry_imps
D:14:     layout_irregular_city, skrybe_vaults_entry_preservation,
          minmay_misc_feat_secret_circle, uniq_josephine
D:15:     grunt_enter_depths_hoard, layout_rooms, minmay_misc_feat_hallway,
          evilmike_ruin_ashenzari, uniq_louise
Temple:   mainiacjoe_temple_circle_huts
Lair:1:   layout_loops_ring, beast_lair_carwin_11
Lair:2:   layout_loops_ring, minmay_shoals_entry_centaurs, basic_altar,
          special_room [special_room_bee], nzn_sisyphean_effort
Lair:3:   kb_forest_paths, layout_gridlike
Lair:4:   layout_long_grid, spider_nest_entry_webs,
          dreamdust_deal_with_the_devil, beast_lair_carwin_2
Lair:5:   layout_loops_ring, nicolae_slime_entry_slimehenge,
          guppyfry_lair_drakes, infiniplex_staircase_pool_2, uniq_sonja
Lair:6:   evilmike_catoblepas_cave, layout_regular_city, gauntlet_entry_generic,
          chequers_serial_rivers_small_b
Shoals:1: cheibrodos_shoals_satyrical_garden, layout_shoals, uniq_kirke,
          uniq_nikola
Abyss:2:  base: Spider:1, evilmike_abyss_exit_kraken, patterned_corridor,
          evilmike_abyss_exit_kraken, hangedman_abyss_sting, base: D:3,
          guppyfry_abyss_exit_spiral_guarded, minivault_28

Skill      XL: |  1  2  3  4  5  6  7  8  9 10 11 12 13 14 15 |
---------------+----------------------------------------------+-----
Stealth        | 2 3 4 6 |  6.0
Dodging        | 3 5 6 8 9 |  9.0
Fighting       | 4 5 6 |  6.0
Unarmed Combat | 4 5 6 7 9 11 12 13 15 16 | 16.9
Invocations    | 1 2 3 4 6 8 |  8.7
Spellcasting   | 1 3 4 6 8 9 |  9.0
Translocations | 1 3 4 |  4.2
Transmutations | 3 5 6 8 10 12 14 | 14.1
Earth Magic    | 4 6 |  6.0

Action                   |  1- 3 |  4- 6 |  7- 9 | 10-12 | 13-15 || total
-------------------------+-------+-------+-------+-------+-------++-------
Melee: Unarmed           |   174 |   116 |   225 |   598 |  1029 ||  2142
       Tailslap          |    21 |    12 |    30 |   104 |   220 ||   387
       Punch             |     8 |     2 |    16 |    63 |   126 ||   215
       Flail             |       |    10 |       |       |       ||    10
Throw: Dart              |       |       |       |       |    17 ||    17
 Cast: Blade Hands       |       |       |       |       |    33 ||    33
       Gell's Gravitas   |       |       |       |       |     4 ||     4
Invok: Heroism           |       |       |     1 |    22 |    13 ||    36
       Finesse           |       |       |     1 |     5 |     5 ||    11
  Use: Potion            |       |     4 |       |     5 |     3 ||    12
       Scroll            |       |    10 |     3 |     5 |     4 ||    22
 Stab: Sleeping          |     7 |     3 |     6 |     6 |    14 ||    36
       Distracted        |       |       |     1 |     1 |     2 ||     4
       Petrified         |       |       |       |       |     2 ||     2
       Petrifying        |       |       |       |       |     1 ||     1
Armor: Skin              |    56 |    32 |    94 |   200 |   334 ||   716
Dodge: Dodged            |   124 |    90 |   121 |   340 |   634 ||  1309
